General information
			
			
        
        - name: BNet
 
        - type: Ladder team game (AT/RT)
 
        - host: Battle.net
 
        - saver: SourFlowerHour
 
        
map: Slalom 
        - players: 8
 
        - length: 18:08
 
        - speed: Fast
 - version: 1.22 W3XP
 - replay type:  Public
 
» download(173 KB)
Players
        team 1 (loser) 
              
              
» 
Brett_Favre (
blue | 102 APM | 1852 actions | 18:07)
              
 4 Mountain King 
 2 Storm Bolt
 2 Bash
 4 Paladin 
 2 Holy Light
 2 Divine Shield
 
                » actions 
                
                | Assign group hotkey | 32 |  | 
| Basic commands | 3 |  | 
| Build / train | 44 |  | 
| ESC pressed | 3 |  | 
| Enter build submenu | 39 |  | 
| Enter hero's abilities submenu | 8 |  | 
| Remove unit from queue | 3 |  | 
| Right click | 710 |  | 
| Select / deselect | 251 |  | 
| Select group hotkey | 687 |  | 
| Use ability | 72 |  | 
                1852 total
 » units 
                
                | Peasant | 2 |  | 
| Dragonhawk Rider | 2 |  | 
| Gryphon Rider | 3 |  | 
| Rifleman | 5 |  | 
                12 total
 » upgrades
                
                | Swords | 3 |  | 
| Armor | 3 |  | 
| Cloud | 1 |  | 
| Storm Hammers | 1 |  | 
| Masonry | 1 |  | 
| Animal War Training | 1 |  | 
| Long Rifles | 1 |  | 
                11 total
 » buildings
                
                | Altar of Kings | 1 |  | 
| Farm | 18 |  | 
| Keep | 2 |  | 
| Lumber Mill | 1 |  | 
| Arcane Vault | 1 |  | 
| Blacksmith | 1 |  | 
| Castle | 1 |  | 
| Gryphon Aviary | 7 |  | 
| Barracks | 4 |  | 
                36 total
 » build order
                00:08 Altar of Kings
00:11 Farm
00:35 Keep
00:35 Keep
00:47 Lumber Mill
01:08 Farm
01:11 Farm
01:55 Farm
01:58 Arcane Vault
02:38 Blacksmith
03:18 Castle
03:20 Gryphon Aviary
03:22 Gryphon Aviary
03:24 Gryphon Aviary
03:27 Gryphon Aviary
03:53 Farm
03:54 Farm
03:56 Farm
04:02 Farm
04:36 Gryphon Aviary
04:42 Farm
04:58 Gryphon Aviary
05:03 Gryphon Aviary
06:20 Farm
06:24 Farm
06:25 Farm
06:36 Farm
06:37 Farm
07:05 Farm
07:06 Farm
07:07 Farm
07:08 Farm
12:36 Barracks
14:29 Barracks
14:34 Barracks
15:40 Barracks
» items
                
                | Potion of Healing | 2 |  | 
| Scroll of Town Portal | 1 |  | 
| Scroll of Regeneration | 1 |  | 
| Lesser Clarity Potion | 1 |  | 
                5 total
  
               
              
              
» 
Ced-Benson (
teal | 61 APM | 1107 actions | 18:05)
              
 4 Warden 
 2 Shadow Strike
 2 Blink
 
                » actions 
                
                | Assign group hotkey | 7 |  | 
| Basic commands | 7 |  | 
| Build / train | 45 |  | 
| ESC pressed | 1 |  | 
| Enter build submenu | 16 |  | 
| Enter hero's abilities submenu | 4 |  | 
| Give item / drop item | 1 |  | 
| Right click | 737 |  | 
| Select / deselect | 218 |  | 
| Select group hotkey | 22 |  | 
| Use ability | 49 |  | 
                1107 total
 » units 
                » buildings
                
                | Altar of Elders | 1 |  | 
| Moon Well | 2 |  | 
| Ancient of War | 1 |  | 
| Tree of Life | 4 |  | 
| Hunter's Hall | 1 |  | 
| Ancient of Wonders | 2 |  | 
| Tree of Ages | 1 |  | 
| Ancient of Wind | 3 |  | 
| Tree of Eternity | 1 |  | 
                16 total
 » build order
                01:06 Altar of Elders
01:27 Moon Well
01:51 Ancient of War
05:08 Tree of Life
06:38 Moon Well
07:35 Hunter's Hall
08:19 Ancient of Wonders
08:56 Ancient of Wonders
10:24 Tree of Ages
11:20 Tree of Life
11:31 Tree of Life
12:52 Tree of Life
14:48 Ancient of Wind
14:50 Ancient of Wind
15:36 Ancient of Wind
16:47 Tree of Eternity
» items
                
                | Staff of Teleportation | 1 |  | 
| Boots of Speed | 1 |  | 
| Circlet of Nobility | 1 |  | 
| Orb of Fire | 1 |  | 
                4 total
  
               
              
              
» 
KyleOrton (
orange | 76 APM | 1382 actions | 18:04)
              
 4 Warden 
 2 Shadow Strike
 2 Blink
 
                » actions 
                
                | Assign group hotkey | 6 |  | 
| Build / train | 48 |  | 
| Enter build submenu | 11 |  | 
| Enter hero's abilities submenu | 5 |  | 
| Right click | 759 |  | 
| Select / deselect | 242 |  | 
| Select group hotkey | 260 |  | 
| Use ability | 51 |  | 
                1382 total
 » units 
                » upgrades
                
                | Strength of the Wild | 1 |  | 
| Reinforced Hides | 1 |  | 
                2 total
 » buildings
                
                | Altar of Elders | 1 |  | 
| Moon Well | 4 |  | 
| Tree of Ages | 1 |  | 
| Tree of Life | 1 |  | 
| Hunter's Hall | 1 |  | 
| Ancient of Wind | 1 |  | 
| Tree of Eternity | 2 |  | 
| Ancient of Lore | 2 |  | 
                13 total
 » build order
                00:08 Altar of Elders
00:18 Moon Well
07:13 Tree of Ages
07:56 Tree of Life
11:21 Hunter's Hall
11:24 Moon Well
11:25 Moon Well
12:18 Ancient of Wind
12:19 Tree of Eternity
13:57 Ancient of Lore
13:58 Ancient of Lore
15:28 Moon Well
 
               
              
              
» 
Micheal_Jordan (
yellow | 67 APM | 1215 actions | 18:05)
              
 3 Warden 
 2 Shadow Strike
 1 Blink
 
                » actions 
                
                | Assign group hotkey | 34 |  | 
| Basic commands | 12 |  | 
| Build / train | 34 |  | 
| Enter build submenu | 18 |  | 
| Enter hero's abilities submenu | 3 |  | 
| Right click | 715 |  | 
| Select / deselect | 120 |  | 
| Select group hotkey | 213 |  | 
| Use ability | 65 |  | 
                1215 total
 » units 
                » upgrades
                » buildings
                
                | Altar of Elders | 1 |  | 
| Moon Well | 8 |  | 
| Tree of Ages | 1 |  | 
| Hunter's Hall | 1 |  | 
| Tree of Life | 2 |  | 
| Tree of Eternity | 1 |  | 
| Ancient of Lore | 2 |  | 
| Ancient of Wind | 2 |  | 
                18 total
 » build order
                00:13 Altar of Elders
00:19 Moon Well
09:17 Tree of Ages
10:28 Hunter's Hall
10:30 Moon Well
10:32 Moon Well
10:33 Moon Well
11:00 Tree of Life
11:49 Moon Well
11:50 Moon Well
11:52 Tree of Eternity
12:23 Ancient of Lore
12:24 Ancient of Lore
14:02 Ancient of Wind
14:03 Ancient of Wind
16:49 Moon Well
16:50 Moon Well
17:41 Tree of Life
» items
                
                | Boots of Speed | 1 |  | 
| Staff of Teleportation | 1 |  | 
| Dust of Appearance | 1 |  | 
                3 total
  
               team 2 (winner) 
              
              
» 
kunt.roII (
pink | 98 APM | 1773 actions | 18:07)
              
 4 Naga Sea Witch 
 2 Frost Arrows
 2 Forked Lightning
 
                » actions 
                
                | Assign group hotkey | 37 |  | 
| Basic commands | 23 |  | 
| Build / train | 63 |  | 
| ESC pressed | 14 |  | 
| Enter build submenu | 23 |  | 
| Enter hero's abilities submenu | 4 |  | 
| Give item / drop item | 4 |  | 
| Right click | 728 |  | 
| Select / deselect | 191 |  | 
| Select group hotkey | 481 |  | 
| Use ability | 204 |  | 
                1773 total
 » units 
                » buildings
                
                | Moon Well | 6 |  | 
| Altar of Elders | 1 |  | 
| Tree of Ages | 1 |  | 
| Tree of Eternity | 2 |  | 
| Ancient of Wonders | 3 |  | 
| Tree of Life | 3 |  | 
| Ancient of Wind | 3 |  | 
| Hunter's Hall | 1 |  | 
                20 total
 » build order
                00:59 Moon Well
01:02 Altar of Elders
01:04 Moon Well
03:35 Tree of Ages
04:47 Moon Well
06:33 Tree of Eternity
06:33 Tree of Eternity
06:35 Ancient of Wonders
06:39 Ancient of Wonders
07:08 Tree of Life
07:11 Ancient of Wonders
09:22 Ancient of Wind
09:23 Ancient of Wind
09:24 Ancient of Wind
10:12 Moon Well
10:13 Moon Well
10:14 Moon Well
14:40 Tree of Life
15:48 Tree of Life
17:23 Hunter's Hall
» items
                
                | Healing Salve | 2 |  | 
| Scroll of Speed | 1 |  | 
| Lesser Clarity Potion | 2 |  | 
| Boots of Speed | 1 |  | 
| Circlet of Nobility | 1 |  | 
| Staff of Teleportation | 1 |  | 
| Moonstone | 1 |  | 
| Potion of Mana | 1 |  | 
| Potion of Healing | 2 |  | 
| Orb of Venom | 1 |  | 
| Anti-magic Potion | 2 |  | 
                15 total
  
               
              
              
Nerotendo_64 (
purple | 64 APM | 1157 actions | 18:07)
              
 4 Goblin Tinker 
 2 Pocket Factory
 2 Engineering Upgrade
 3 Beastmaster 
 2 Summon Quilbeast
 1 Summon Hawk
 
                » actions 
                
                | Assign group hotkey | 2 |  | 
| Basic commands | 92 |  | 
| Build / train | 53 |  | 
| ESC pressed | 3 |  | 
| Enter build submenu | 14 |  | 
| Enter hero's abilities submenu | 7 |  | 
| Give item / drop item | 3 |  | 
| Right click | 584 |  | 
| Select / deselect | 251 |  | 
| Select group hotkey | 84 |  | 
| Use ability | 64 |  | 
                1157 total
 » units 
                » upgrades
                
                | Nature's Blessing | 1 |  | 
| Ultravision | 1 |  | 
                2 total
 » buildings
                
                | Moon Well | 12 |  | 
| Altar of Elders | 1 |  | 
| Tree of Life | 3 |  | 
| Tree of Ages | 1 |  | 
| Hunter's Hall | 1 |  | 
| Tree of Eternity | 1 |  | 
                19 total
 » build order
                00:25 Moon Well
01:26 Moon Well
01:55 Altar of Elders
04:54 Moon Well
04:56 Moon Well
04:57 Moon Well
05:56 Tree of Life
07:44 Moon Well
07:45 Moon Well
07:48 Moon Well
09:42 Tree of Ages
10:51 Hunter's Hall
11:31 Moon Well
14:18 Tree of Life
15:38 Tree of Life
16:43 Tree of Eternity
17:43 Moon Well
17:44 Moon Well
17:45 Moon Well
» items
                
                | Boots of Speed | 2 |  | 
| Staff of Teleportation | 2 |  | 
                4 total
  
               
              
              
SourFlowerHour (
green | 119 APM | 2153 actions | 18:08)
              
 4 Mountain King 
 2 Storm Bolt
 2 Bash
 4 Paladin 
 2 Holy Light
 2 Divine Shield
 
                » actions 
                
                | Assign group hotkey | 305 |  | 
| Basic commands | 20 |  | 
| Build / train | 138 |  | 
| Enter build submenu | 84 |  | 
| Enter hero's abilities submenu | 8 |  | 
| Give item / drop item | 1 |  | 
| Remove unit from queue | 2 |  | 
| Right click | 878 |  | 
| Select / deselect | 331 |  | 
| Select group hotkey | 236 |  | 
| Use ability | 150 |  | 
                2153 total
 » units 
                » upgrades
                
                | Masonry | 3 |  | 
| Lumber Harvesting | 2 |  | 
                5 total
 » buildings
                
                | Farm | 5 |  | 
| Lumber Mill | 1 |  | 
| Scout Tower | 78 |  | 
| Arcane Tower | 9 |  | 
| Altar of Kings | 1 |  | 
| Guard Tower | 47 |  | 
| Arcane Vault | 4 |  | 
| Keep | 2 |  | 
| Town Hall | 2 |  | 
| Castle | 1 |  | 
                150 total
 » build order
                00:22 Farm
00:43 Farm
00:45 Lumber Mill
01:23 Scout Tower
01:32 Scout Tower
01:37 Scout Tower
01:38 Scout Tower
01:53 Scout Tower
02:03 Arcane Tower
02:05 Scout Tower
02:07 Arcane Tower
02:15 Scout Tower
02:17 Scout Tower
02:18 Arcane Tower
02:34 Scout Tower
02:36 Altar of Kings
02:37 Guard Tower
02:42 Guard Tower
02:42 Guard Tower
02:59 Guard Tower
02:59 Guard Tower
03:06 Guard Tower
03:07 Guard Tower
03:09 Scout Tower
03:13 Guard Tower
03:15 Scout Tower
03:34 Scout Tower
03:37 Scout Tower
03:37 Scout Tower
03:39 Farm
03:51 Scout Tower
03:59 Guard Tower
04:06 Farm
04:11 Guard Tower
04:11 Guard Tower
04:27 Scout Tower
04:39 Arcane Vault
04:41 Scout Tower
04:42 Scout Tower
04:46 Guard Tower
04:56 Guard Tower
05:00 Farm
05:16 Guard Tower
05:23 Scout Tower
05:28 Scout Tower
05:34 Guard Tower
05:39 Scout Tower
05:40 Scout Tower
05:43 Scout Tower
05:44 Scout Tower
05:48 Keep
05:49 Keep
05:51 Guard Tower
05:52 Scout Tower
05:54 Scout Tower
05:55 Scout Tower
05:56 Scout Tower
06:00 Guard Tower
06:02 Scout Tower
06:03 Scout Tower
06:06 Town Hall
06:13 Guard Tower
06:21 Guard Tower
06:22 Guard Tower
06:25 Scout Tower
06:25 Guard Tower
06:26 Guard Tower
06:37 Scout Tower
06:40 Arcane Tower
06:40 Guard Tower
06:47 Guard Tower
06:49 Scout Tower
06:49 Scout Tower
07:00 Guard Tower
07:01 Arcane Vault
07:11 Arcane Tower
07:12 Guard Tower
07:13 Scout Tower
07:15 Scout Tower
07:24 Arcane Tower
07:26 Guard Tower
07:27 Scout Tower
07:29 Scout Tower
07:39 Guard Tower
07:41 Scout Tower
07:42 Scout Tower
07:42 Arcane Tower
07:49 Guard Tower
07:52 Scout Tower
08:24 Guard Tower
08:27 Guard Tower
08:28 Guard Tower
08:29 Scout Tower
08:33 Scout Tower
08:34 Scout Tower
08:38 Scout Tower
08:38 Scout Tower
08:50 Scout Tower
09:10 Castle
09:20 Guard Tower
09:22 Scout Tower
09:26 Guard Tower
09:36 Guard Tower
09:37 Scout Tower
10:03 Scout Tower
10:04 Scout Tower
10:15 Guard Tower
10:16 Scout Tower
10:40 Guard Tower
10:44 Guard Tower
10:46 Scout Tower
10:47 Scout Tower
12:15 Guard Tower
12:33 Scout Tower
12:34 Scout Tower
12:34 Scout Tower
12:35 Scout Tower
13:36 Guard Tower
13:37 Scout Tower
14:01 Town Hall
14:07 Scout Tower
15:05 Scout Tower
15:08 Scout Tower
15:32 Guard Tower
15:37 Arcane Tower
15:38 Scout Tower
15:40 Scout Tower
15:58 Scout Tower
15:59 Scout Tower
15:59 Arcane Vault
16:00 Scout Tower
16:01 Scout Tower
16:49 Scout Tower
16:50 Scout Tower
16:51 Guard Tower
16:52 Scout Tower
16:53 Scout Tower
17:06 Arcane Vault
17:07 Scout Tower
17:08 Scout Tower
17:09 Scout Tower
17:10 Scout Tower
17:11 Scout Tower
17:12 Scout Tower
18:04 Arcane Tower
18:04 Guard Tower
» items
                
                | Healing Salve | 1 |  | 
| Lesser Clarity Potion | 1 |  | 
| Scroll of Town Portal | 1 |  | 
| Orb of Lightning | 1 |  | 
                4 total
  
               
              
              
TacoBellSwamp (
red | 125 APM | 2265 actions | 18:07)
              
 5 Blademaster 
 2 Wind Walk
 3 Critical Strike
 
                » actions 
                
                | Assign group hotkey | 17 |  | 
| Basic commands | 2 |  | 
| Build / train | 67 |  | 
| Enter build submenu | 51 |  | 
| Enter hero's abilities submenu | 5 |  | 
| Give item / drop item | 1 |  | 
| Remove unit from queue | 3 |  | 
| Right click | 1389 |  | 
| Select / deselect | 251 |  | 
| Select group hotkey | 315 |  | 
| Use ability | 164 |  | 
                2265 total
 » units 
                » upgrades
                
                | Reinforced Defenses | 1 |  | 
| Liquid Fire | 1 |  | 
| Ranged Weapons | 1 |  | 
                3 total
 » buildings
                
                | War Mill | 2 |  | 
| Orc Burrow | 4 |  | 
| Altar of Storms | 1 |  | 
| Voodoo Lounge | 5 |  | 
| Watch Tower | 25 |  | 
| Stronghold | 2 |  | 
| Great Hall | 1 |  | 
| Beastiary | 4 |  | 
| Fortress | 1 |  | 
                45 total
 » build order
                00:23 War Mill
01:25 Orc Burrow
01:50 Altar of Storms
01:57 Voodoo Lounge
02:02 Watch Tower
02:10 Watch Tower
02:11 Voodoo Lounge
02:17 Watch Tower
02:35 Watch Tower
03:14 Watch Tower
04:01 Watch Tower
04:42 Watch Tower
04:44 Watch Tower
05:10 Watch Tower
05:47 Watch Tower
05:56 Stronghold
05:56 Stronghold
06:22 Watch Tower
06:39 Watch Tower
07:01 Voodoo Lounge
07:02 Voodoo Lounge
07:49 Watch Tower
07:52 Watch Tower
08:35 Great Hall
08:54 Beastiary
09:15 Beastiary
09:17 Beastiary
09:20 Orc Burrow
09:22 Orc Burrow
09:24 Fortress
09:31 Beastiary
09:46 War Mill
10:00 Orc Burrow
10:36 Watch Tower
10:39 Watch Tower
10:41 Watch Tower
11:41 Watch Tower
13:42 Watch Tower
13:42 Watch Tower
13:42 Watch Tower
15:16 Watch Tower
16:18 Watch Tower
16:18 Watch Tower
16:18 Watch Tower
16:44 Voodoo Lounge
» items
                
                | Boots of Speed | 1 |  | 
| Staff of Teleportation | 1 |  | 
| Dust of Appearance | 1 |  | 
| Healing Salve | 3 |  | 
| Orb of Lightning | 1 |  | 
| Lesser Clarity Potion | 1 |  | 
| Scroll of Town Portal | 1 |  | 
                9 total
  
                Chat log
          (00:45 / All) Ced-Benson: viel gluck
(01:17 / All) kunt.roII: american beat hitler in ww2
(01:25 / All) kunt.roII: even tom cruise betrayed him
(01:29 / All) Micheal_Jordan: im american dipshit
(01:40 / All) kunt.roII: i see thru ur german lies
(01:46 / All) Micheal_Jordan: why would a eurpeon named mike jordan
(04:11 / All) Micheal_Jordan: stop
(04:17 / All) kunt.roII: in the name of love
(04:24 / All) Micheal_Jordan: dont get dust plz
(04:28 / All) kunt.roII: i wont
(04:36 / All) Micheal_Jordan: was talking to red idiot